 Dungeon Crawl Stone Soup version 0.24-a0-584-g9d6b971 (webtiles) character file.

Game seed: 17366660023200252948, levelgen mode: deterministic

9938 Charmandara the Summoner (level 11, 0/145 HPs)
             Began as a Barachi Arcane Marksman on Aug 31, 2019.
             Was an Elder of Okawaru.
             Slain by a queen ant (5 damage)
             ... on level 9 of the Dungeon.
             The game lasted 00:42:27 (11659 turns).

Charmandara the Summoner (Barachi Arcane Marksman) Turns: 11659, Time: 00:42:28

Health: 0/145      AC: 25    Str: 18    XL:     11   Next: 54%
Magic:  21/21      EV:  2    Int: 16    God:    Okawaru [****..]
Gold:   426        SH:  0    Dex: 12    Spells: 0/23 levels left

rFire    . . .     SeeInvis .   a - +4 scimitar (flame)
rCold    . . .     Gourm    .   (no shield)
rNeg     + + +     Faith    .   (armour currently unavailable)
rPois    +         Spirit   .   (helmet currently unavailable)
rElec    .         Reflect  +   (cloak currently unavailable)
rCorr    .         Harm     .   (gloves currently unavailable)
MR       .....     NoTele   +   (boots currently unavailable)
Stlth    +.........             u - +2 amulet of reflection
HPRegen  0.34/turn              (no ring)
MPRegen  0.17/turn              (no ring)

@: confused, mighty, lethally poisoned (0 -> -43), tree-form, can't hop
A: +LOS, swims, robust 1, MP-powered wands
a: Heroism, Renounce Religion


You were on level 9 of the Dungeon.
You worshipped Okawaru.
Okawaru was greatly pleased with you.
You were not hungry.
You were a tree.
You visited 3 branches of the dungeon, and saw 12 of its levels.
You also visited: Sewer and Ossuary.

You collected 426 gold pieces.

Inventory:

Hand Weapons
 a - a +4 scimitar of flaming (weapon)
   (You took it off Erica on level 8 of the Dungeon)
 b - a +4 fustibalus of velocity
   (You acquired it on level 8 of the Dungeon)
Missiles
 d - 23 poisoned darts
 q - 192 stones (quivered)
 t - 15 sling bullets
Armour
 p - a +0 leather armour (melded)
   (You found it on level 1 of the Dungeon)
 r - a +1 hat
   (You found it on level 1 of the Dungeon)
 w - a +1 helmet (melded)
   (You took it off Robin on level 2 of the Dungeon)
 y - a +0 ring mail
   (You found it on level 3 of the Dungeon)
 J - a cursed +0 scale mail
   (You found it on level 8 of the Dungeon)
Magical Staves
 s - an uncursed staff of air {rElec}
   (You found it on level 8 of the Dungeon)
 D - an uncursed staff of power {MP+17, !a}
   (You found it on level 6 of the Dungeon)
Jewellery
 u - a +2 amulet of reflection (around neck)
   (You found it on level 2 of the Dungeon)
Wands
 m - a wand of polymorph (5)
   (You found it on level 8 of the Dungeon)
 n - a wand of flame (10)
   (You took it off Psyche on level 8 of the Dungeon)
 G - a wand of random effects (21)
   (You found it on level 7 of the Dungeon)
Scrolls
 g - 7 scrolls of teleportation
 h - 5 scrolls of remove curse
 i - 2 scrolls of enchant armour
 x - a scroll of holy word {unknown}
 A - a scroll of identify
 O - 3 scrolls of immolation {!r}
 R - a scroll of magic mapping {!r}
Potions
 j - 2 potions of agility
 l - a potion of brilliance
 z - a potion of berserk rage {unknown}
 F - a potion of might
 H - a potion of flight {unknown}
 I - a potion of invisibility {unknown}
 K - a potion of ambrosia
 M - a potion of magic {unknown}
 N - 6 potions of lignification {!q}
 P - a potion of cancellation {unknown}
 Q - a potion of mutation {!q}
Comestibles
 f - 2 rations


   Skills:
 - Level 9.0 Fighting
 + Level 0.9(7.0) Slings
 - Level 11.0 Throwing
 + Level 1.1 Armour
 + Level 2.5 Dodging
 - Level 6.8 Spellcasting
 - Level 8.0 Hexes
 - Level 11.1 Summonings
 + Level 0.7 Invocations


You couldn't memorise any spells.
You knew the following spells:

 Your Spells              Type           Power        Failure   Level  Hunger
a - Call Canine Familiar  Summ           #####...     1%          3    ##.....
b - Summon Ice Beast      Ice/Summ       ###.....     13%         4    ####...
c - Call Imp              Summ           #####...     1%          2    None
d - Summon Guardian Gole  Hex/Summ       #####...     1%          3    ##.....
f - Cause Fear            Hex            ####......   4%          4    ####...
x - Summon Lightning Spi  Summ/Air       ###.....     13%         4    ####...
z - Portal Projectile     Hex/Tloc       ###...       8%          3    ##.....

Your spell library contained the following spells:

 Spells                   Type           Power        Failure   Level  Hunger
 Corona                   Hex            ####...      1%          1    None
 Summon Small Mammal      Summ           ####         1%          1    None
 Slow                     Hex            ####....     1%          2    None
 Inner Flame              Hex/Fire       ###.....     8%          3    ##.....
 Leda's Liquefaction      Hex/Erth       ###.......   24%         4    ####...


Dungeon Overview and Level Annotations

Branches:
Dungeon (10/15)            Temple (1/1) D:4             Orc (1/2) D:9
  Sewer (visited)         Ossuary (visited)
   Lair: D:8-11

Altars:
Ashenzari
Cheibriados
Dithmenos
Elyvilon
Fedhas
Hepliaklqana
Makhleb
Okawaru
Qazlal
Ru
Trog
Wu Jian
The Shining One

Shops:
D:4 [   D:6 =   D:7 =   D:8 ?([:


Innate Abilities, Weirdness & Mutations

Shadows flee at your approach. (+LOS)
You can swim through water.
((You cover ground slowly.))
((You can hop short distances.))
((You have large cloven feet.))
You are robust. (+10% HP)
((You are occasionally teleported next to monsters.))
You expend magic power (3 MP) to strengthen your wands.


Message History

You hit the queen ant but do no damage.
You feel sick. The worker ant misses you.
The queen ant struggles against the net.
The net rips apart, and the queen ant comes free!
The soldier ant completely misses you. The worker ant closely misses you.
The queen ant stings you.
You take 3 damage, and have 48/89 hp.
Okay, then.
The soldier ant looks frightened! x2; The queen ant resists with some effort.
The soldier ant looks frightened!
The worker ant looks frightened!
The soldier ant looks frightened!
The worker ant looks frightened!
You are starving!
You feel sick.
The soldier ant waves its antennae.
The queen ant stings you!!
You take 19 damage, and have 29/89 hp.
MASSIVE DAMAGE!!
You now have 17/21 mp.
You feel sick.
The soldier ant waves its antennae.
There is a stone staircase leading up here.
You take 1 damage, and have 28/89 hp.
Unknown command.
The queen ant barely misses you.
You climb upwards.
You feel sick.
There is a stone staircase leading down here.
Unknown command.
Unknown command.
Okay, then.
You eat one of the 3 rations.
That ration really hit the spot!
You feel sick. The queen ant stings you!
* * * LOW HITPOINT WARNING * * *
You take 15 damage, and have 13/89 hp.
Unknown command.
Okay, then.
Hop to where?
Boing!
Aim: a queen ant (lightly wounded, chance to defeat MR: 15%)
The queen ant resists with almost no effort.
You feel sick.
Unknown command.
Aim: a queen ant (lightly wounded, chance to defeat MR: 15%)
The queen ant resists with almost no effort.
Okay, then.
Okay, then.
Really quaff
N - 7 potions of lignification {!q}?
Really quaff the potion of lignification?
You turn into a tree.
Your +1 helmet melds into your body.
Your +0 leather armour melds into your body.
Your roots penetrate the ground.
You feel sick.
The queen ant stings you but does no damage.
You now have 19/133 hp.
Unknown command.
You barely miss the queen ant. The queen ant barely misses you.
You riposte.
You hit the queen ant. You burn the queen ant.
You hit the queen ant but do no damage.
You feel sick.
The queen ant stings you but does no damage.
The queen ant stings you.
* * * LOW HITPOINT WARNING * * *
You take 6 damage, and have 13/133 hp.
It was a potion of might.
You feel very mighty all of a sudden.
The queen ant stings you but does no damage.
You hit the queen ant. You burn the queen ant.
The queen ant stings you but does no damage.
You slash the queen ant! You burn the queen ant.
You feel sick.
The queen ant stings you but does no damage.
You hit the queen ant. You burn the queen ant.
The queen ant stings you but does no damage.
The queen ant stings you!
* * * LOW HITPOINT WARNING * * *
You take 10 damage, and have 3/133 hp.
You are confused.
You feel invigorated.
The queen ant stings you but does no damage.
You regained 4 hp, and now have 7/133 hp.
MP restored: 21 Unknown command.
You cannot move. (Use ctrl+direction or * direction to attack without moving.)
You cannot move. (Use ctrl+direction or * direction to attack without moving.)
You cannot move. (Use ctrl+direction or * direction to attack without moving.)
You swing at nothing.
You feel sick. The queen ant stings you.
* * * LOW HITPOINT WARNING * * *
You are lethally poisoned!
The queen ant poisons you!
It was a potion of mutation.
You feel extremely strange.
Your feet thicken and deform.
You feel weirdly uncertain.
You feel robust.
You feel your magical essence link to your wands.
* * * LOW HITPOINT WARNING * * *
You feel very sick. The queen ant stings you.
* * * LOW HITPOINT WARNING * * *
You take 4 damage, and have 3/145 hp.
Unknown command.
You swing at nothing.
* * * LOW HITPOINT WARNING * * *
You feel very sick.
The queen ant stings you but does no damage.
The queen ant stings you.
You die...

#..#..............#
##.#..............#
## #[[......>.......#
.# #...............##
.###
##..............#
.÷.# #..............#
.).# #..............#
...# #..........#####
...# #....♣....##
...# ####...a....##
...# #..'.>......#
...# #.##........#
...# #.##........#
...######.##........#
..[.....#.##........#
##.####.#.##........#
#.#..#.#>###########


You could see a queen ant.

Vanquished Creatures
  Erica (D:8)
  2 centaur zombies (D:9)
  Grinder (D:5)
  Prince Ribbit (D:7)
  2 hippogriffs
  7 yaks
  A wyvern (D:9)
  A hungry ghost (D:9)
  A warg (D:9)
  5 soldier ants (D:10)
  An orc warrior (D:9)
  Purgy (Sewer)
  2 ice beasts
  4 phantoms
  6 sky beasts
  5 ogres
  A necrophage (D:6)
  A centaur (D:5)
  3 bullfrogs
  2 gnoll sergeants
  3 scorpions
  5 killer bees (D:8)
  4 bullfrog zombies
  A centaur skeleton (D:8)
  4 orc priests
  A hound (D:5)
  2 bullfrog skeletons
  Ijyb (D:5)
  Natasha (thrice) (D:4)
  4 orc wizards
  13 worker ants
  A hound skeleton (D:4)
  3 mummies (Ossuary)
  3 worker ant zombies
  Robin (D:2)
  14 gnolls
  11 adders
  A shadow imp (D:6)
  An adder skeleton (D:9)
  4 worms
  A leopard gecko (D:5)
  17 orcs
  4 ball pythons
  11 bats
  8 giant cockroaches
  2 gnoll zombies (Ossuary)
  21 goblins
  8 hobgoblins
  10 jackals
  2 quokkas
  9 frilled lizards
  A goblin zombie (Ossuary)
  7 kobolds
  5 kobold zombies (Ossuary)
  9 rats
243 creatures vanquished.

Vanquished Creatures (collateral kills)
  Psyche (D:8)
  2 yaks (D:6)
  2 orc warriors (Orc:1)
  An ogre (Orc:1)
  A bullfrog (D:8)
  A crimson imp (D:8)
  4 orc wizards (Orc:1)
  An orc priest (Orc:1)
  An iguana (D:6)
  3 orcs (Orc:1)
17 creatures vanquished.

Vanquished Creatures (others)
  An orc wizard (D:9)
  A quokka (D:6)
2 creatures vanquished.

Grand Total: 262 creatures vanquished

Notes
Turn   | Place    | Note
-------+----------+-------------------------------------------
     0 | D:1      | Charmandara the Barachi Arcane Marksman began the quest for
                  | the Orb.
     0 | D:1      | Reached XP level 1. HP: 15/15 MP: 2/2
   274 | D:1      | Reached XP level 2. HP: 22/22 MP: 1/3
   511 | D:1      | Learned a level 2 spell: Slow
   537 | D:1      | HP: 4/22 [goblin/+0 club (4)]
   554 | D:1      | Reached skill level 2 in Fighting
  1149 | D:1      | Reached skill level 3 in Throwing
  1218 | D:1      | Reached XP level 3. HP: 21/27 MP: 1/4
  1825 | D:2      | Reached XP level 4. HP: 30/34 MP: 5/5
  1836 | D:2      | Noticed Robin
  1838 | D:2      | Killed Robin
  2142 | D:2      | Found a blossoming altar of Fedhas.
  2226 | D:2      | Reached skill level 3 in Fighting
  2298 | D:3      | Reached skill level 4 in Throwing
  2567 | D:3      | Reached XP level 5. HP: 41/41 MP: 6/6
  2721 | D:3      | Noticed an ogre
  2736 | D:3      | Killed an ogre
  2818 | D:3      | Reached skill level 5 in Throwing
  3082 | D:3      | Learned a level 3 spell: Portal Projectile
  3107 | D:4      | Reached XP level 6. HP: 48/48 MP: 7/7
  3108 | D:4      | Reached skill level 4 in Fighting
  3108 | D:4      | Noticed Natasha
  3138 | D:4      | Killed Natasha
  3396 | D:4      | Found Goowial's Armour Emporium.
  3605 | D:4      | Noticed Natasha
  3630 | D:4      | Killed Natasha
  3640 | D:4      | Noticed Natasha
  3658 | D:4      | Killed Natasha
  3847 | D:4      | Noticed a phantom
  3867 | D:4      | HP: 11/49 [phantom (5)]
  3887 | D:4      | HP: 6/49 [hound skeleton (4)]
  3900 | D:4      | Reached skill level 6 in Throwing
  3902 | D:4      | HP: 9/49 [phantom (7)]
  3904 | D:4      | Killed a phantom
  3904 | D:4      | Reached skill level 5 in Fighting
  3904 | D:4      | Reached XP level 7. HP: 11/56 MP: 6/8
  4016 | D:4      | Found a shadowy altar of Dithmenos.
  4200 | D:4      | Found a staircase to the Ecumenical Temple.
  4291 | Temple   | Entered the Ecumenical Temple
  4317 | Temple   | Became a worshipper of Warmaster Okawaru
  4366 | D:4      | Noticed a moth of wrath
  4368 | D:4      | Found a bloodstained altar of Trog.
  4666 | D:5      | Entered Level 5 of the Dungeon
  4707 | D:5      | Noticed Ijyb
  4714 | D:5      | Killed Ijyb
  5219 | D:5      | Reached skill level 7 in Throwing
  5381 | D:5      | Noticed Grinder
  5397 | D:5      | Paralysed by Grinder for 4 turns
  5403 | D:5      | Killed Grinder
  5403 | D:5      | Reached * piety under Okawaru
  5403 | D:5      | Reached skill level 6 in Fighting
  5403 | D:5      | Reached XP level 8. HP: 55/64 MP: 9/9
  5533 | D:5      | HP: 14/65 [sky beast (5)]
  5549 | D:5      | Reached skill level 8 in Throwing
  5783 | D:5      | Found a burning altar of Makhleb.
  5957 | D:6      | Reached skill level 7 in Fighting
  6173 | D:6      | Reached ** piety under Okawaru
  6173 | D:6      | Reached skill level 9 in Throwing
  6189 | D:6      | Reached XP level 9. HP: 40/73 MP: 8/10
  6207 | D:6      | Found a glowing drain.
  6386 | Sewer    | Entered a sewer
  6419 | Sewer    | Noticed Purgy
  6433 | Sewer    | Killed Purgy
  6547 | D:6      | Reached skill level 8 in Fighting
  6666 | D:6      | Found Eraxkaqu's Jewellery Shop.
  6668 | D:6      | Reached skill level 6 in Spellcasting
  6668 | D:6      | Reached skill level 11 in Summonings
  6668 | D:6      | Reached XP level 10. HP: 80/80 MP: 10/20
  6674 | D:6      | Learned a level 4 spell: Summon Ice Beast
  6679 | D:6      | Learned a level 4 spell: Summon Lightning Spire
  6684 | D:6      | Learned a level 4 spell: Cause Fear
  6688 | D:6      | Learned a level 3 spell: Call Canine Familiar
  6691 | D:6      | Learned a level 2 spell: Call Imp
  6747 | D:6      | HP: 12/80 [yak (11)]
  7046 | D:6      | Reached skill level 10 in Throwing
  7752 | D:7      | Noticed Prince Ribbit
  7763 | D:7      | Killed Prince Ribbit
  7857 | D:7      | HP: 20/82 [sky beast (6)]
  7869 | D:7      | HP: 29/123 [something (5)]
  7872 | D:7      | Reached *** piety under Okawaru
  8241 | D:7      | Reached skill level 4 in Hexes
  8244 | D:7      | Found Qatof's Jewellery Boutique.
  8558 | D:8      | Found Qutwargh's Armour Emporium.
  8569 | D:8      | Found a sand-covered staircase.
  8588 | D:8      | Noticed Psyche
  8592 | Ossuary  | Entered an ossuary
  9027 | D:8      | Killed Psyche
  9101 | D:8      | Identified a scroll of acquirement
  9131 | D:8      | Found Pixen's Book Boutique.
  9448 | D:8      | Noticed Erica
  9465 | D:8      | Killed Erica
  9465 | D:8      | Reached **** piety under Okawaru
  9465 | D:8      | Received a gift from Okawaru
  9465 | D:8      | Reached skill level 5 in Hexes
  9465 | D:8      | Reached XP level 11. HP: 54/87 MP: 11/21
  9504 | D:8      | Learned a level 3 spell: Summon Guardian Golem
  9616 | D:8      | Reached skill level 9 in Fighting
  9640 | D:8      | Found Hiem's Magic Scroll Boutique.
  9832 | D:8      | Found Loasivow's Weapon Boutique.
 10200 | D:9      | Found a snail-covered altar of Cheibriados.
 10239 | D:9      | Found a sacrificial altar of Ru.
 10272 | D:9      | Found a shadowy altar of Dithmenos.
 10313 | D:9      | Found a staircase to the Orcish Mines.
 10322 | D:9      | HP: 13/89 [orc warrior/+0 scimitar (25)]
 10330 | D:9      | Reached skill level 11 in Throwing
 10330 | D:9      | Reached skill level 6 in Hexes
 10708 | D:9      | Found a hazy altar of Hepliaklqana.
 10786 | D:9      | Reached skill level 7 in Hexes
 10823 | D:9      | HP: 21/89 [gnoll sergeant/+0 trident (11)]
 10825 | D:9      | HP: 9/89 [gnoll sergeant/+0 trident (13)]
 10826 | D:9      | HP: 4/89 [gnoll sergeant/+0 trident (10)]
 10832 | D:9      | HP: 11/89 [gnoll sergeant/+0 trident (14)]
 10836 | D:9      | Received a gift from Okawaru
 11260 | Orc:1    | Entered Level 1 of the Orcish Mines
 11260 | Orc:1    | Noticed a two-headed ogre
 11283 | Orc:1    | HP: 12/89 [orc priest/divine providence (13)]
 11610 | D:10     | Entered Level 10 of the Dungeon
 11620 | D:10     | Reached skill level 8 in Hexes
 11624 | D:10     | Reached skill level 1 in Armour
 11628 | D:10     | Noticed a queen ant
 11645 | D:9      | HP: 13/89 [queen ant (14)]
 11651 | D:9      | HP: 19/133 [poisoned by a worker ant]
 11655 | D:9      | HP: 3/133 [queen ant (10)]
 11658 | D:9      | Gained mutation: You have large cloven feet. [potion of
                  | mutation]
 11658 | D:9      | Gained mutation: You are occasionally teleported next to
                  | monsters. [potion of mutation]
 11658 | D:9      | Gained mutation: You are robust. (+10% HP) [potion of
                  | mutation]
 11658 | D:9      | Gained mutation: You expend magic power (3 MP) to
                  | strengthen your wands. [potion of mutation]
 11659 | D:9      | Slain by a queen ant

Levels and vault maps discovered:
D:1:      ncdulo_halloftheorcs, layout_loops_cross, minmay_lizard_pond
D:2:      layout_basic, nicolae_overflow_hidden_temple, fountainhead, uniq_robin
D:3:      layout_rooms, first_ration
D:4:      layout_basic, tgw_trog, minmay_temple_entry_butterflies, serial_shops,
          shop, grunt_dithmenos_smoke, uniq_natasha
D:5:      layout_basic, makhleb_blood_cavern_becter, uniq_ijyb, uniq_grinder
D:6:      layout_cave_pools, portal_sewer_entry_d, serial_shops, shop
D:7:      layout_loops_corners, serial_shops, kennysheep_mini_moat,
          uniq_prince_ribbit1
D:8:      layout_cave_pools, serial_shops, nicolae_shop_statue_plus,
          kennysheep_little_box, shop, nicolae_shop_competitors_out_of_business,
          nicolae_ossuary_entry_ruins, uniq_psyche, uniq_erica
D:9:      layout_basic, kennysheep_mini, lemuel_round_altar,
          chequers_temple_overflow_statue_of_worship, david_orc_3
D:10:     cheibrodos_two_vegetables, layout_loops_ring, david_nohive_1,
          minivault_29, uniq_sonja
Temple:   regret_index_temple_waves
Orc:1:    layout_caves, serial_shops, shop

Skill      XL: |  1  2  3  4  5  6  7  8  9 10 11 |
---------------+----------------------------------+-----
Fighting       | 2 3 5 6 7 8 9 |  9.0
Throwing       | 3 4 5 6 7 9 10 11 | 11.0
Spellcasting   | 6 |  6.8
Summonings     | 11 | 11.1
Hexes          | 5 8 |  8.0
Armour         | 1 |  1.1
Slings         | |  0.9
Dodging        | |  2.5
Invocations    | |  0.7

Action                   |  1- 3 |  4- 6 |  7- 9 | 10-12 || total
-------------------------+-------+-------+-------+-------++-------
Melee: Dagger            |    86 |       |       |       ||    86
       Rapier            |    34 |   177 |    16 |       ||   227
       Whip              |    23 |       |       |       ||    23
       Trident           |       |       |   269 |     9 ||   278
       War axe           |       |       |       |   190 ||   190
       Scimitar          |       |       |       |    84 ||    84
 Fire: Hunting sling     |       |    38 |    27 |       ||    65
       Fustibalus        |       |       |       |    38 ||    38
Throw: Javelin           |    12 |    22 |       |    30 ||    64
       Throwing net      |       |     2 |       |     1 ||     3
       Stone             |       |     1 |       |     1 ||     2
       Dart              |       |       |    31 |     3 ||    34
 Cast: Corona            |    25 |     5 |       |       ||    30
       Slow              |       |     1 |     1 |       ||     2
       Portal Projectile |       |       |     5 |     2 ||     7
       Summon Lightning  |       |       |       |     5 ||     5
       Summon Ice Beast  |       |       |       |     3 ||     3
       Cause Fear        |       |       |       |     2 ||     2
       Call Canine Famil |       |       |       |     1 ||     1
Invok: Heroism           |       |       |     2 |     7 ||     9
 Abil: Hop               |     1 |     2 |     4 |     6 ||    13
Evoke: Wand              |       |       |     3 |    15 ||    18
  Use: Potion            |     1 |     1 |     6 |    15 ||    23
       Scroll            |       |     8 |     7 |     7 ||    22
 Stab: Held in net/web   |       |     1 |       |       ||     1
       Paralysed         |       |       |       |    17 ||    17
       Distracted        |       |       |       |     2 ||     2
  Eat: Chunk             |     4 |     8 |    10 |     7 ||    29
       Ration            |       |       |       |     6 ||     6
Armor: Robe              |    18 |       |       |       ||    18
       Leather armour    |    20 |    57 |   134 |    80 ||   291
       Skin              |       |       |    57 |    34 ||    91
Dodge: Dodged            |   103 |   148 |   242 |   215 ||   708
Block: Other             |     2 |    17 |    26 |    30 ||    75
       Reflection        |       |       |       |     1 ||     1
       Rpst.: Scimitar   |       |       |       |    24 ||    24

Table legend:
 A = Non-vault XP
 B = Vault XP
 C = Vault XP percentage of total XP
 D = Non-vault monster count
 E = Vault monster count
 F = Vault count percentage of total count
                 A         B        C        D         E       F
            +---------+---------+-------+---------+---------+-------
      Total |    8289 |    3216 |  28.0 |     198 |      63 |  24.1
            +---------+---------+-------+---------+---------+-------
        D:1 |      28 |       6 |  17.6 |      17 |       6 |  26.1
        D:2 |      59 |      32 |  35.2 |      20 |      10 |  33.3
        D:3 |     191 |       0 |   0.0 |      23 |       0 |   0.0
        D:4 |     373 |      48 |  11.4 |      18 |       6 |  25.0
        D:5 |     537 |     370 |  40.8 |      17 |       3 |  15.0
        D:6 |    1728 |      13 |   0.7 |      32 |       1 |   3.0
        D:7 |    1060 |     274 |  20.5 |      16 |       1 |   5.9
        D:8 |    1217 |     933 |  43.4 |      18 |       2 |  10.0
        D:9 |    2740 |     389 |  12.4 |      23 |       6 |  20.7
       D:10 |       0 |     951 | 100.0 |       0 |      11 | 100.0
      Orc:1 |     356 |       0 |   0.0 |      14 |       0 |   0.0
      Sewer |       0 |     137 | 100.0 |       0 |       6 | 100.0
    Ossuary |       0 |      63 | 100.0 |       0 |      11 | 100.0
            +---------+---------+-------+---------+---------+-------

Levels and vault maps discovered:
D:1:      ncdulo_halloftheorcs, layout_loops_cross, minmay_lizard_pond
D:2:      layout_basic, nicolae_overflow_hidden_temple, fountainhead, uniq_robin
D:3:      layout_rooms, first_ration
D:4:      layout_basic, tgw_trog, minmay_temple_entry_butterflies, serial_shops,
          shop, grunt_dithmenos_smoke, uniq_natasha
D:5:      layout_basic, makhleb_blood_cavern_becter, uniq_ijyb, uniq_grinder
D:6:      layout_cave_pools, portal_sewer_entry_d, serial_shops, shop
D:7:      layout_loops_corners, serial_shops, kennysheep_mini_moat,
          uniq_prince_ribbit1
D:8:      layout_cave_pools, serial_shops, nicolae_shop_statue_plus,
          kennysheep_little_box, shop, nicolae_shop_competitors_out_of_business,
          nicolae_ossuary_entry_ruins, uniq_psyche, uniq_erica
D:9:      layout_basic, kennysheep_mini, lemuel_round_altar,
          chequers_temple_overflow_statue_of_worship, david_orc_3
D:10:     cheibrodos_two_vegetables, layout_loops_ring, david_nohive_1,
          minivault_29, uniq_sonja
Temple:   regret_index_temple_waves
Orc:1:    layout_caves, serial_shops, shop

Table legend:
 A = Turns spent in this place as a percentage of turns spent in the entire game.
 B = Non-inter-level travel turns spent in this place as a percentage of non-inter-level travel turns spent in the entire game.
 C = Inter-level travel turns spent in this place as a percentage of turns spent in this place.
 D = Turns resting spent in this place as a percentage of non-inter-level travel turns spent in this place.
 E = Turns spent auto-exploring this place as a percentage of non-inter-level travel turns spent in this place.
 F = Non-inter-level travel turns spent in this place divided by the number of levels of this place that you've seen.
                   A       B       C       D       E      F
               +-------+-------+-------+-------+-------+----------------------
         Total | 100.0 | 100.0 |   3.4 |  42.6 |  30.9 | 804.6
       Dungeon |  94.9 |  94.8 |   3.4 |  42.8 |  32.0 | 1068.3
        Temple |   0.4 |   0.2 |  40.4 |   0.0 |  32.1 |  28.0
  Orcish Mines |   0.2 |   0.2 |   0.0 |   0.0 |   0.0 |  26.0
         Sewer |   0.9 |   0.9 |   0.0 |   0.0 |  44.2 | 104.0
       Ossuary |   3.6 |   3.8 |   0.0 |  53.2 |   0.7 | 423.0
               +-------+-------+-------+-------+-------+----------------------

Table legend:
 A = Kills in this place as a percentage of kills in entire the game.
 B = Kills by you in this place as a percentage of kills by you in the entire game.
 C = Kills by friends in this place as a percentage of kills by friends in the entire game.
 D = Other kills in this place as a percentage of other kills in the entire game.
 E = Experience gained in this place as a percentage of experience gained in the entire game.
 F = Experience gained in this place divided by the number of levels of this place that you have seen.
                   A       B       C       D       E      F
               +-------+-------+-------+-------+-------+----------------------
         Total | 100.0 | 100.0 | 100.0 | 100.0 | 100.0 | 821.8
       Dungeon |  88.1 |  91.8 |  35.3 | 100.0 |  95.2 | 1094.9
  Orcish Mines |   5.4 |   1.2 |  64.7 |   0.0 |   3.1 | 356.0
         Sewer |   2.3 |   2.5 |   0.0 |   0.0 |   1.2 | 137.0
       Ossuary |   4.2 |   4.5 |   0.0 |   0.0 |   0.5 |  63.0
               +-------+-------+-------+-------+-------+----------------------
